 Dungeon Crawl Stone Soup version 0.18-a0-1186-gd02dc51 (webtiles) character file.

130 kae the Insei (level 4, 0/35 HPs)
             Began as a Demonspawn Monk on Jan 28, 2016.
             Slain by a gnoll
             ... wielding a +0 spear
              (2 damage)
             ... on level 2 of the Dungeon.
             The game lasted 00:02:32 (2149 turns).

kae the Insei (Demonspawn Monk)                     Turns: 2149, Time: 00:02:32

Health: 0/35       AC:  5    Str: 11    XL:     4   Next: 89%
Magic:  4/4        EV: 13    Int: 12    God:
Gold:   158        SH:  0    Dex: 16    Spells: 0 memorised, 3 levels left

rFire  . . .     SeeInvis .       - Unarmed
rCold  . . .     Gourm    .     a - +1 robe
rNeg   . . .     Faith    .     (no shield)
rPois  +         Spirit   .     (no helmet)
rElec  .         Dismiss  .     j - +0 cloak
rCorr  .         Reflect  .     (no gloves)
SustAt .         Harm     .     (no boots)
MR     .....                    (no amulet)
Stlth  ++........               (no ring)
                                g - ring of poison resistance

@: not resistant to hostile enchantments, unstealthy
A: hooves 1, molten scales 1
a: no special abilities


You were on level 2 of the Dungeon.
You were not hungry.

You visited 1 branch of the dungeon, and saw 3 of its levels.

You collected 158 gold pieces.

Inventory:

Armour
 a - a +1 robe (worn)
 j - a +0 cloak (worn)
Jewellery
 e - an uncursed ring of resist corrosion {unknown}
 g - a ring of poison resistance (left hand)
Scrolls
 f - a scroll of amnesia
 h - 5 scrolls of remove curse
 q - 2 scrolls of recharging
Potions
 d - a potion of cancellation
 k - 3 potions of brilliance {unknown}
 l - a potion of poison {unknown}
 p - a potion of curing {unknown}
 t - 2 potions of flight {unknown}
 v - a potion of invisibility {unknown}
Comestibles
 b - 3 bread rations
 c - a chunk of flesh
 n - a beef jerky
 o - 5 fruits
 s - 2 meat rations


   Skills:
 - Level 3.0 Fighting
 - Level 2.6 Dodging
 - Level 1.7 Stealth
 + Level 5.7 Unarmed Combat


You had 3 spell levels left.
You didn't know any spells.

Dungeon Overview and Level Annotations

Branches:
Dungeon (3/15)

Altars:


Innate Abilities, Weirdness & Mutations

You have large cloven feet.
You are partially covered in molten scales (AC +1).


Message History

You hit the gnoll. You kick the gnoll, but do no damage.
The gnoll is heavily wounded.
The gnoll barely misses you.
Unknown command.
You hit the gnoll.
The gnoll is almost dead.
The gnoll barely misses you.
Unknown command.
You barely miss the gnoll. You kick the gnoll, but do no damage.
The gnoll is almost dead.
The gnoll hits you but does no damage.
Unknown command.
You hit the gnoll but do no damage. You kick the gnoll, but do no damage.
The gnoll is almost dead.
The gnoll hits you with a spear.
* * * LOW HITPOINT WARNING * * *
You hit the gnoll but do no damage. You kick the gnoll, but do no damage.
The gnoll is almost dead.
The gnoll hits you with a spear.
You die...

#.# ###.............#... #.#
#.......^<.#..#... ######.#
#..............^.. #......#
#..........#......
#......#########.............#...
#............................#...
#.........#######(.<.............
######..#.# ##)...............
##...# ##@.###..#.........
#...#####..g...>...........
#..............##..##......
#.....##.#####.............
#....##..# ###........... #####
#...###.## ###..##..#>.#.
....###...###.######....###......
....#...................###.#....
......#...##......###.####..###..


You could see a gnoll.

Vanquished Creatures
  A worker ant (D:3)
  A worker ant zombie (D:3)
  2 gnolls
  2 adders
  2 worms (D:3)
  A giant gecko (D:1)
  An orc (D:3)
  A ball python (D:1)
  7 bats
  2 giant cockroaches
  2 goblins
  5 hobgoblins (D:1)
  3 quokkas
  6 giant newts
  10 kobolds
  8 rats
54 creatures vanquished.

Notes
Turn   | Place    | Note
--------------------------------------------------------------
     0 | D:1      | kae the Demonspawn Monk began the quest for the Orb.
     0 | D:1      | Reached XP level 1. HP: 18/18 MP: 1/1
   206 | D:1      | Reached skill level 4 in Unarmed Combat
   244 | D:1      | Gained mutation: You are partially covered in molten scales (AC +1). [demonic ancestry]
   244 | D:1      | Reached XP level 2. HP: 16/24 MP: 2/2
  1147 | D:2      | Gained mutation: You have large cloven feet. [demonic ancestry]
  1147 | D:2      | Reached XP level 3. HP: 29/29 MP: 3/3
  1326 | D:3      | Reached skill level 5 in Unarmed Combat
  1326 | D:3      | Reached XP level 4. HP: 32/35 MP: 4/4
  2149 | D:2      | Slain by a gnoll

Vault maps used:
D:1:      dpeg_arrival_three_same_balls
D:3:      first_bread, okawaru_ov_weapons_minmay

Action                   |  1- 3 |  4- 6 || total
-------------------------+-------+-------++-------
Melee: Unarmed           |   107 |    67 ||   174
  Use: Scroll            |       |     8 ||     8
 Stab: Sleeping          |     5 |       ||     5
  Eat: Chunk             |     1 |     3 ||     4
